 Dungeon Sprint DCSS version 0.23.2-30-g0e89c35 (webtiles) character file.

Game seed: 1431970069013286953

3691 Fang the Fighter (level 10, -12/87 HPs)
             Began as a Gargoyle Berserker on June 10, 2019.
             Was a High Priest of Trog.
             Splashed by a yellow draconian's acid (14 damage)
             ... in the Dungeon (Sprint V: "Ziggurat Sprint").
             The game lasted 00:01:40 (510 turns).

Fang the Fighter (Gargoyle Berserker)                Turns: 510, Time: 00:01:40

Health: -12/87     AC: 20    Str: 36    XL:     10   Next: 13%
Magic:  10/10      EV: 11    Int:  8    God:    Trog [*****.]
Gold:   0          SH:  0    Dex:  9    Spells: 9/9 levels left

rFire    + . .     SeeInvis .   k - +5 executioner's axe
rCold    + . .     Gourm    .   (shield currently unavailable)
rNeg     + . .     Faith    .   b - +2 gold dragon scales
rPois    ∞         Spirit   .   (no helmet)
rElec    +         Reflect  .   (no cloak)
rCorr    .         Harm     .   (no gloves)
MR       .....     NoTele   +   (no boots)
Stlth    ..........             g - amulet of Vitality {Regen+ HP+15}
HPRegen  0.24/turn              D - +6 ring of strength
MPRegen  0.12/turn              E - +6 ring of strength

@: corroded, berserk cooldown, slowed, very slow
A: negative energy resistance 1, electricity resistance, unbreathing,
petrification resistance, rot immunity, AC +7
a: Berserk, Trog's Hand, Brothers in Arms, Renounce Religion


You were in the Dungeon.
You worshipped Trog.
Trog was extremely pleased with you.
You were very hungry.

You visited 1 branch

Inventory:

Hand Weapons
 k - a +5 executioner's axe (weapon)
 q - the +5 hand axe "Raris" {protect, rF+ MR+ Str-4}
   (You found it in the Dungeon)

   It protects the one who uses it against injury (+AC on strike).
   It affects your strength (-4).
   It protects you from fire.
   It affects your resistance to hostile enchantments.
Armour
 b - +2 gold dragon scales (worn)
 j - the +15 Maxwell's patent armour {-Cast -Tele rElec MR+ rCorr}
   (You found it in the Dungeon)

   It insulates you from electricity.
   It affects your resistance to hostile enchantments.
   It prevents spellcasting.
   It prevents most forms of teleportation.
   It provides partial protection from all sources of acid and corrosion.
Jewellery
 g - the amulet of Vitality (around neck) {Regen+ HP+15}
   (You found it in the Dungeon)

   [amulet of regeneration]

   It affects your health (+15).
   It increases your rate of regeneration.
 D - a +6 ring of strength (left hand)
 E - a +6 ring of strength (right hand)
Wands
 w - a wand of disintegration (7)
 x - a wand of iceblast (7)
 y - a wand of acid (7)
Scrolls
 i - 4 scrolls of blinking
 l - 7 scrolls of fog
 m - a scroll of holy word
 n - 5 scrolls of identify
 o - 5 scrolls of remove curse
 p - 2 scrolls of fear
Potions
 d - 10 potions of curing
 e - 10 potions of heal wounds
 f - 6 potions of haste
 h - 3 potions of berserk rage
 r - 2 potions of invisibility
 s - 4 potions of resistance
 t - a potion of experience
 v - 5 potions of might
Comestibles
 a - 5 chunks of flesh
 c - 7 rations


   Skills:
 + Level 12.8 Fighting
 + Level 11.0 Axes
 + Level 12.6 Armour
 + Level 10.0 Dodging


You had 9 spell levels left.
You didn't know any spells.
Your spell library was empty.

Dungeon Overview and Level Annotations

Branches:
Dungeon (1/1)

Altars:
Ashenzari
Cheibriados
Dithmenos
Elyvilon
Fedhas
Gozag
Hepliaklqana
Kikubaaqudgha
Makhleb
Nemelex Xobeh
Okawaru
Qazlal
Ru
Sif Muna
Trog
Uskayaw
Vehumet
Wu Jian
Xom
Yredelemnul
Zin
The Shining One
Beogh
Jiyva
Lugonu

Annotations:
D 1 transporter


Innate Abilities, Weirdness & Mutations

You are resistant to torment.
Your stone body is resilient. (AC +7)
You are immune to poison.
You resist negative energy. (rN+)
You are resistant to electric shocks. (rElec)
You can survive without breathing.
You are immune to petrification.
You are immune to rotting.


Message History

a +0 whip; a draconian corpse The yellow draconian hits you with a +0 war axe!
* * * LOW HITPOINT WARNING * * *
The yellow draconian hits your ogre with a +0 war axe!!
Your ogre hits the yellow draconian but does no damage.
Your ogre hits the yellow draconian with a +0 giant spiked club!
The yellow draconian hits your ogre with a +0 war axe!
Your ogre barely misses the yellow draconian.
The yellow draconian hits your ogre with a +0 war axe.
Your ogre completely misses the yellow draconian.
Your ogre barely misses the yellow draconian.
The yellow draconian hits your ogre with a +0 war axe!
Your ogre dies!
Your ogre's corpse disappears in a puff of smoke!
The yellow draconian roars!
The yellow draconian throws acid at you.
The glob of acid hits you.
* * * LOW HITPOINT WARNING * * *
The acid corrodes you!
You are splashed with acid!
You die...

▓..©..▓..©..▓▓▓▓▓▓▓
▓▓▓▓▓▓▓▓▓▓▓▓▓▓▓▓▓▓
..8©8...▓..8©8...▓
..).....▓..[|)...▓
...[....▓..=.=...▓
........▓...§....▓
........▓..§)d...▓
.▓....▓.▓.▓).§.▓.▓
...©....▓...©...@▓
▓▓▓▓▓▓▓▓▓▓▓▓▓▓▓▓▓▓


You could see a yellow draconian.

Vanquished Creatures
  A dancing weapon (D)
  2 deep elf magi (D)
  4 draconians (D)
  2 rime drakes (D)
  A steam dragon (D)
  A swamp drake (D)
  An earth elemental (D)
  A crimson imp (D)
  2 iron imps (D)
  2 oozes (D)
17 creatures vanquished.

Vanquished Creatures (others)
  A spatial maelstrom (D)
1 creature vanquished.

Grand Total: 18 creatures vanquished

Notes
Turn   | Place    | Note
-------+----------+-------------------------------------------
     0 | D        | Found the +6 Majin-Bo {vamp, Archmagi MP+6 Int+6}
     0 | D        | Found the +7 great mace "Firestarter" {inner flame, rF++}
     0 | D        | Fang the Gargoyle Berserker began the quest for the Orb.
     0 | D        | Reached XP level 1. HP: 14/14 MP: 1/1
     2 | D        | Found a blossoming altar of Fedhas.
     3 | D        | Found a viscous altar of Jiyva.
     3 | D        | Found a hazy altar of Hepliaklqana.
     3 | D        | Found a transporter.
     3 | D        | Found an opulent altar of Gozag.
     3 | D        | Found an ancient bone altar of Kikubaaqudgha.
     3 | D        | Found a corrupted altar of Lugonu.
     7 | D        | Found a burning altar of Makhleb.
     9 | D        | Found a stormy altar of Qazlal.
     9 | D        | Found an iron altar of Okawaru.
     9 | D        | Found a sacrificial altar of Ru.
     9 | D        | Found a sparkling altar of Nemelex Xobeh.
     9 | D        | Found a deep blue altar of Sif Muna.
     9 | D        | Found a bloodstained altar of Trog.
    15 | D        | Found the +9 heavy crossbow "Sniper" {velocity, Acc+∞ SInv}
    15 | D        | Found the +10 dark maul {crush}
    15 | D        | Found the +15 Maxwell's patent armour {-Cast -Tele rElec
                  | MR+ rCorr}
    15 | D        | Found the +18 shield of the Gong {rElec rN+ MR+ EV-5}
    15 | D        | Found the cursed +14 obsidian axe {chop, +Fly SInv *Curse}
    24 | D        | Banished a spatial maelstrom
    95 | D        | Entered arena 2.
    95 | D        | Found a transporter.
    98 | D        | Reached XP level 2. HP: 20/20 MP: 2/2
   103 | D        | Entered arena 3.
   103 | D        | Noticed a deep elf mage
   103 | D        | Noticed a deep elf mage
   103 | D        | Noticed a +3 scimitar of slicing
   103 | D        | Found a transporter.
   104 | D        | Identified the +7 mace "Dinemeag" {holy, Str+5 Int-3}
   110 | D        | HP: 1/30 [+3 scimitar of slicing (2)]
   111 | D        | Killed a deep elf mage
   111 | D        | Reached ** piety under Trog
   111 | D        | Reached XP level 3. HP: 2/30 MP: 3/3
   111 | D        | Reached XP level 4. HP: 3/36 MP: 4/4
   111 | D        | Reached XP level 5. HP: 3/40 MP: 5/5
   111 | D        | Reached XP level 6. HP: 4/45 MP: 6/6
   113 | D        | Killed a deep elf mage
   113 | D        | Reached XP level 7. HP: 5/52 MP: 7/7
   114 | D        | Killed a +3 scimitar of slicing
   114 | D        | Reached *** piety under Trog
   114 | D        | Reached skill level 10 in Fighting
   114 | D        | Reached skill level 10 in Armour
   114 | D        | Reached XP level 8. HP: 6/59 MP: 8/8
   391 | D        | Entered arena 4.
   391 | D        | Noticed a rime drake
   391 | D        | Noticed a rime drake
   391 | D        | Found a transporter.
   394 | D        | Killed a rime drake
   394 | D        | Reached XP level 9. HP: 64/64 MP: 9/9
   397 | D        | Killed a rime drake
   397 | D        | Reached **** piety under Trog
   397 | D        | Reached skill level 10 in Axes
   467 | D        | Entered arena 5.
   467 | D        | Found a transporter.
   468 | D        | Found the amulet of Vitality {Regen+ HP+15}
   475 | D        | Reached ***** piety under Trog
   485 | D        | Got the +5 hand axe "Raris" {protect, rF+ MR+ Str-4}
   487 | D        | Entered arena 6.
   487 | D        | Noticed a yellow draconian
   487 | D        | Noticed a draconian
   487 | D        | Noticed a draconian
   487 | D        | Noticed a draconian
   487 | D        | Noticed a draconian
   487 | D        | Found a transporter.
   497 | D        | Killed a draconian
   498 | D        | Killed a draconian
   500 | D        | Killed a draconian
   500 | D        | Reached XP level 10. HP: 28/72 MP: 10/10
   503 | D        | Killed a draconian
   503 | D        | Reached skill level 10 in Dodging
   506 | D        | HP: 3/87 [yellow draconian/+0 war axe (15)]
   510 | D        | Splashed by a yellow draconian's acid

Skill      XL: |  1  2  3  4  5  6  7  8  9 10 |
---------------+-------------------------------+-----
Axes           | 3 7 8 9 10 11 | 11.0
Dodging        | 2 6 7 8 9 10 | 10.0
Fighting       | 4 8 9 10 11 12 | 12.8
Armour         | 3 8 9 10 12 | 12.6

Action                   |  1- 3 |  4- 6 |  7- 9 | 10-12 || total
-------------------------+-------+-------+-------+-------++-------
Melee: Executioner's axe |     8 |     2 |    23 |     3 ||    36
Invok: Berserk           |     1 |       |     2 |       ||     3
       Brothers in Arms  |       |       |       |     1 ||     1
Armor: Plate armour      |     8 |     2 |     4 |       ||    14
       Gold dragon scale |       |       |    31 |     8 ||    39
Dodge: Dodged            |     5 |     2 |    20 |     5 ||    32
